 Dungeon Crawl Stone Soup version 0.30.0-29-ga12c61a403 (webtiles) character file.

Game seed: 14344561280201216141

484 fridstol the Ruffian (level 6, 0/61 HPs)
             Began as a Troll Berserker on June 25, 2023.
             Was a Believer of Trog.
             Slain by a gnoll bouda
             ... wielding a +0 club
              (7 damage)
             ... on level 5 of the Dungeon.
             The game lasted 00:20:47 (3544 turns).

fridstol the Ruffian (Troll Berserker)              Turns: 3544, Time: 00:20:48

Health: 0/61       AC:  4    Str: 32    XL:     6   Next: 88%
Magic:  5/5        EV: 10    Int:  5    God:    Trog [**....]
Gold:   220        SH:  0    Dex:  9    Spells: 5/5 levels left

rFire   . .          .
                       - Unarmed
rCold   . . .        (no shield)
rNeg    . . .        a - +0 animal skin
rPois   .            (helmet restricted)
rElec   .            (no cloak)
rCorr   .            (gloves unavailable)
SInv    .            (boots unavailable)
Will    ++...        (no amulet)
Stlth   +            i - +6 ring of strength
HPRegen 2.10/turn    (no ring)
MPRegen 0.09/turn

%: no passive effects
@: strong-willed (expiring), on berserk cooldown, regenerating (expiring),
slowed, very slow
A: large, unfitting armour, claws 3, regeneration 1, shaggy fur 1, tough skin 1
a: Renounce Religion, Berserk, Trog's Hand


You were on level 5 of the Dungeon.
You worshipped Trog.
Trog was pleased with you.
You visited 1 branch of the dungeon, and saw 5 of its levels.

You collected 220 gold pieces.

Inventory:

Missiles
 b - a throwing net
Armour
 a - a +0 animal skin (worn)
Jewellery
 i - a +6 ring of strength (left claw)
Scrolls
 f - a scroll of identify
 k - a scroll of teleportation
Potions
 d - 3 potions of curing
 e - 2 potions of cancellation
 g - a potion of haste
 n - a potion of invisibility (quivered)


   Skills:
 + Level 3.0 Fighting
 + Level 4.2 Dodging
 + Level 0.6 Stealth
 + Level 5.9 Unarmed Combat


You had 5 spell levels left.
You didn't know any spells.
Your spell library was empty.

Dungeon Overview and Level Annotations

Branches:
Dungeon (5/15)             Temple (0/1) D:4

Altars:
Cheibriados
Qazlal


Innate Abilities, Weirdness & Mutations

You are too large for most types of armour.
You have claws for hands.
Your natural rate of healing is unusually fast.
You are covered in fur. (AC +1)
You have tough skin. (AC +1)


Message History

You feel strong-willed.
The gnoll is no longer moving quickly. x2; The gnoll closely misses you.
The gnoll hits you but does no damage.
The gnoll bouda hits you but does no damage.
The gnoll barely misses you.
The gnoll bouda attacks as you move away!
The gnoll bouda hits you with a +0 club.
You barely miss the gnoll bouda.
The gnoll is no longer moving quickly.
The gnoll misses you.
The gnoll bouda hits you with a +0 club.
The gnoll misses you. The gnoll barely misses you. The gnoll bouda misses you.
The gnoll hits you from afar with a +0 spear!
The gnoll attacks as you move away! The gnoll hits you with a +0 club.
* * * LOW HITPOINT WARNING * * *
The gnoll is no longer moving quickly.
The gnoll bouda barks out a call to the hunt!
The gnolls pick up the pace!
The gnoll barely misses you.
The gnoll bouda attacks as you move away!
The gnoll bouda barely misses you.
The gnoll hits you from afar with a +0 spear.
The gnoll closely misses you. x2
The gnoll bouda attacks as you move away!
The gnoll bouda hits you with a +0 club.
* * * LOW HITPOINT WARNING * * *
The gnoll closely misses you. The gnoll misses you.
The gnoll hits you from afar with a +0 halberd.
* * * LOW HITPOINT WARNING * * *
The gnoll attacks as you move away! The gnoll misses you.
The gnoll bouda completely misses you. The gnoll hits you but does no damage.
The gnoll bouda attacks as you move away!
The gnoll bouda hits you with a +0 club!
* * * LOW HITPOINT WARNING * * *
Found an escape hatch in the ceiling.
You feel the effects of Trog's Hand fading.
The gnoll hits you from afar with a +0 halberd!
* * * LOW HITPOINT WARNING * * *
The gnoll hits you but does no damage.
The gnoll bouda hits you with a +0 club!
You die...

.<..# # ....#
.#. #...#....
#...#....
#........
#.......#
##........
##g@.......
##..gg......
#.g.g.......
####..###....
##.#..........
#......#..#...
##...###### .
##...##
#.....#


You could see a gnoll bouda and 4 gnolls.

Vanquished Creatures
  Duvessa (D:4)
  A black bear (D:4)
  Dowan (D:4)
  A hound (D:4)
  5 gnolls
  8 adders
  An ufetubus (D:4)
  5 dart slugs
  3 orcs
  2 ball pythons
  9 bats
  9 endoplasms
  A giant cockroach (D:1)
  3 hobgoblins
  4 jackals (D:2)
  5 quokkas
  3 frilled lizards
  11 goblins
  9 kobolds
  7 rats
89 creatures vanquished.

Notes
Turn   | Place    | Note
-------+----------+-------------------------------------------
     0 | D:1      | fridstol the Troll Berserker began the quest for the Orb.
     0 | D:1      | Reached XP level 1. HP: 22/22 MP: 0/0
   235 | D:1      | Reached XP level 2. HP: 29/29 MP: 1/1
  1176 | D:2      | Reached XP level 3. HP: 36/36 MP: 2/2
  1922 | D:3      | Reached XP level 4. HP: 44/44 MP: 3/3
  1932 | D:3      | Reached skill level 4 in Unarmed Combat
  1940 | D:3      | Reached ** piety under Trog
  2184 | D:3      | Found a snail-covered altar of Cheibriados.
  2441 | D:3      | Reached XP level 5. HP: 52/52 MP: 4/4
  2926 | D:4      | Found a staircase to the Ecumenical Temple.
  3054 | D:4      | Found a stormy altar of Qazlal.
  3056 | D:4      | Noticed a black bear
  3059 | D:4      | Killed a black bear
  3060 | D:4      | Reached skill level 5 in Unarmed Combat
  3060 | D:4      | Reached XP level 6. HP: 61/61 MP: 5/5
  3115 | D:4      | Noticed Duvessa
  3116 | D:4      | Noticed Dowan
  3129 | D:4      | Killed Duvessa
  3132 | D:4      | Killed Dowan
  3517 | D:5      | Entered Level 5 of the Dungeon
  3544 | D:5      | Slain by a gnoll bouda

Illustrated notes

Levels and vault maps discovered:
D:1:      dpeg_arrival_stone_temple_mockup, layout_loops_corners
D:2:      layout_basic, kennysheep_generic_room_10
D:3:      layout_loops_ring, mainiacjoe_overflow_boulevard,
          minmay_randomly_rotated_circles
D:4:      layout_cave_pods, marbit_many_paths, minmay_temple_entry_nine_rooms,
          minmay_misc_feat_tower, kennysheep_pointless_box, uniq_duvessa
D:5:      layout_cave_pools

Skill      XL: |  1  2  3  4  5  6 |
---------------+-------------------+-----
Dodging        | 3 4 |  4.2
Unarmed Combat | 4 5 |  5.9
Fighting       | 3 |  3.0
Stealth        | |  0.6

Action                     |  1- 3 |  4- 6 || total
---------------------------+-------+-------++-------
  Melee: Unarmed           |    95 |   102 ||   197
         Punch             |     3 |     2 ||     5
  Throw: Throwing net      |       |     1 ||     1
 Invoke: Berserk           |     2 |     4 ||     6
         Trog's Hand       |       |     1 ||     1
    Use: Scroll            |     7 |     5 ||    12
         Potion            |     2 |     6 ||     8
   Stab: Sleeping          |     1 |     1 ||     2
 Armour: Animal skin       |    28 |    48 ||    76
  Dodge: Dodged            |    49 |    67 ||   116
